AoeStats
← Yaycub

Lombardia

508779235Analyzed
2v2 RM · 9d ago on Sep 24, 2026· 52m 0s· 4 players
Game mode
Random Map
Map size
Medium (4 player)
Population
200
Speed
Normal
Resources
Standard
Victory
Conquest
Starting age
Dark Age
Ending age
Imperial Age
RankedLock teamsTeams togetherTeam positionsShared explorationLock speedFull tech treeHidden civsTurbo modeCheats
Victory
Defeat
🇨🇦 Mongols · Canada
1111
+14
🇨🇦 Varangians · Canada
1038
+17
🇨🇴 Cumans · Colombia
1082
-16
🇨🇴 Lithuanians · Colombia
1044
-15
B4rTTo
7:20 Loom
9:54 Feudal Age
16:37 Castle Age
15:19 Double-Bit Axe
16:04 Horse Collar
26:06 Bloodlines
27:10 Bow Saw
26:51 Elite Skirmisher
28:57 Fletching
30:52 Padded Archer Armor
31:59 Bodkin Arrow
32:19 Leather Archer Armor
32:35 Leather Archer Armor
33:12 Wheelbarrow
32:22 Town Watch
33:15 Forging
33:10 Scale Barding Armor
33:06 Town Watch
34:56 Ballistics
34:32 Murder Holes
36:47 Hand Cart
36:32 Town Patrol
40:03 Imperial Age
39:01 Town Patrol
39:47 Heavy Plow
39:38 Gold Mining
39:39 Stone Mining
39:22 Capped Ram
42:02 Iron Casting
41:47 Chain Barding Armor
42:53 Ring Archer Armor
43:27 Chemistry
42:23 Elite Steppe Lancer
44:14 Blast Furnace
43:57 Conscription
45:04 Siege Ram
45:59 Steppe Husbandry
45:39 Pikeman
46:19 Squires
47:18 Plate Barding Armor
47:51 Onager
48:29 Light Cavalry
49:55 Hussar
rmcruzv
6:47 Loom
9:06 Feudal Age
10:15 Town Watch
10:18 Double-Bit Axe
10:16 Horse Collar
17:12 Forging
22:24 Castle Age
20:58 Scale Barding Armor
23:15 Husbandry
22:35 Light Cavalry
23:25 Bloodlines
24:24 Town Patrol
28:20 Bow Saw
28:12 Heavy Plow
30:04 Iron Casting
31:13 Wheelbarrow
34:54 Chain Barding Armor
35:19 Hand Cart
36:40 Squires
36:00 Pikeman
41:32 Thumb Ring
40:47 Crossbowman
40:48 Elite Skirmisher
43:37 Gold Mining
46:24 Imperial Age
46:15 Padded Archer Armor
46:28 Fletching
48:03 Coinage
47:33 Capped Ram
48:13 Cavalier
50:00 Tower Shields
SneakFox
10:05 Feudal Age
8:22 Loom
11:40 Double-Bit Axe
22:11 Castle Age
21:55 Horse Collar
23:31 Gold Mining
23:32 Stone Mining
27:18 Wheelbarrow
29:05 Scale Mail Armor
29:17 Forging
28:30 Pikeman
29:11 Squires
28:57 Gambesons
29:49 Bow Saw
29:46 Heavy Plow
30:57 Town Watch
35:48 Hand Cart
35:34 Town Patrol
40:30 Imperial Age
42:22 Two-Man Saw
41:43 Chain Mail Armor
42:03 Iron Casting
40:52 Halberdier
41:21 Arson
42:16 Conscription
41:27 Gothikon
41:53 Elite Varangian Guard
Yaycub
7:38 Loom
11:06 Feudal Age
15:04 Castle Age
14:59 Double-Bit Axe
15:34 Loom
16:29 Bow Saw
18:21 Fletching
23:38 Gold Mining
24:51 Thumb Ring
24:58 Bodkin Arrow
28:27 Ballistics
29:55 Padded Archer Armor
30:08 Horse Collar
31:41 Wheelbarrow
31:42 Leather Archer Armor
40:40 Imperial Age
38:51 Hand Cart
38:40 Heavy Plow
39:18 Gold Shaft Mining
38:56 Bloodlines
38:47 Husbandry
38:45 Town Watch
40:58 Stone Mining
41:57 Bracer
43:02 Chemistry
42:29 Scale Barding Armor
42:35 Forging
42:01 Light Cavalry
43:37 Hussar
44:38 Chain Barding Armor
44:53 Iron Casting
44:51 Parthian Tactics
46:28 Conscription
45:31 Elite Mangudai
48:00 Blast Furnace
49:37 Capped Ram
51:50 Siege Ram
Connection lost

Rejoining the realm…

Still unreachable

The connection could not be restored.

Session expired

The server has moved on; the page needs a fresh start.